[Event "Late-Titled-Tuesday-Blitz-February-06-2024"]
[Site "Chess.com"]
[Date "2024.02.06"]
[Round "10"]
[White "Der_Balak_3Halak"]
[Black "balachess2006"]
[Result "0-1"]
[WhiteElo "2526"]
[BlackElo "2701"]
[TimeControl "180+1"]
[EndTime "15:52:32 PST"]
[Termination "balachess2006 won by resignation"]

1. Nf3 Nf6 2. g3 g6 3. Bg2 Bg7 4. O-O O-O 5. d3 d5 6. Nbd2 c5 7. Re1 Nc6 8. e4 e5 9. exd5 Nxd5 10. Nc4 Re8 11. Bg5 f6 12. Bd2 Be6 13. a4 Bf7 14.
Ne3 Ndb4 15. h4 h5 16. Bc3 Qd7 17. Nd2 Rad8 18. Ne4 b6 19. Qf3 f5 20. Ng5 Nd4 21.
Bxd4 cxd4 22. Nxf7 Qxf7 23. Nc4 Nxc2 24. Qc6 Nb4 25.
Qb5 Nxd3 26. Nd6 Rxd6 27. Qxd3 e4 28. Qb5 d3 29. Rad1 Red8 30. Bf1 Bd4 31. Kg2 Kg7 32.
Qc4 Qxc4 0-1

[Event "Late-Titled-Tuesday-Blitz-February-06-2024"]
[Site "Chess.com"]
[Date "2024.02.06"]
[Round "10"]
[White "Levanzovsky"]
[Black "cukricek"]
[Result "0-1"]
[WhiteElo "2546"]
[BlackElo "2436"]
[TimeControl "180+1"]
[EndTime "15:52:34 PST"]
[Termination "cukricek won by resignation"]

1. e4 c5 2. Nf3 g6 3. d4 cxd4 4.
Nxd4 Nc6 5. c4 Nf6 6. Nc3 d6 7. Be2 Nxd4 8. Qxd4 Bg7 9. Be3 O-O 10.
Qd2 a5 11. O-O a4 12. Rad1 Be6 13. Bd4 Qa5 14. f4 Nd7 15. Nd5 Bxd5 16. exd5 Qxd2 17. Rxd2 Bxd4+ 18. Rxd4 Nc5 19. f5 Ra6 20. Bd1 Rb6 21.
Rd2 Rb4 22. Re2 Re8 23. f6 e5 24. dxe6 Rxe6 25. Rxe6 fxe6 26. f7+ Kf8 27. b3 axb3 28.
axb3 Nxb3 29. Bxb3 Rxb3 30. Rf6 Re3 31. Kf2 Re5 32.
Kf3 Rf5+ 0-1

[Event "Late-Titled-Tuesday-Blitz-February-06-2024"]
[Site "Chess.com"]
[Date "2024.02.06"]
[Round "10"]
[White "aleksanchess"]
[Black "j_coca"]
[Result "1-0"]
[WhiteElo "2373"]
[BlackElo "2443"]
[TimeControl "180+1"]
[EndTime "15:52:36 PST"]
[Termination "aleksanchess won by resignation"]

1. d4 g6 2. c4 Bg7 3. Nf3 Nh6 4. e4 O-O 5. Nc3 d6 6. h3 Kh8 7. Be3 Nc6 8. Qd2 Ng8 9. Be2 e5 10. d5 Nce7 11. g4 f5 12. gxf5 gxf5 13. exf5 Nxf5 14. Bg5 Qe8 15. O-O-O a6 16. Ne4 Bd7 17. Rdg1 Qf7 18.
h4 b5 19. c5 Nd4 20. Nxd4 exd4 21. c6 Bf5 22. Ng3 Qxd5 23. Nxf5 Rxf5 24. Bd3 Qxc6+ 25. Kb1 Rf7 26. Qe2 Re8 27. Qh5 Be5 28. Qxf7 1-0

[Event "Late-Titled-Tuesday-Blitz-February-06-2024"]
[Site "Chess.com"]
[Date "2024.02.06"]
[Round "10"]
[White "lachesisQ"]
[Black "reevecanada"]
[Result "1-0"]
[WhiteElo "3044"]
[BlackElo "2584"]
[TimeControl "180+1"]
[EndTime "15:52:43 PST"]
[Termination "lachesisQ won by checkmate"]

1. e4 c5 2. b4 cxb4 3. a3 bxa3 4. d4 e6 5. Nf3 d5 6. e5 Nc6 7. c3 a6 8. Bxa3 Bxa3 9. Nxa3 Rb8 10. Bd3 b5 11. Nc2 Bb7 12. Ne3 Nge7 13. O-O h6 14. Ng4 Qc7 15. Qd2 Na5 16. Rfb1 Nc4 17. Qf4 h5 18.
Ne3 Nxe3 19. Qxe3 g6 20. Ng5 Nf5 21. Bxf5 gxf5 22. Nh3 Qe7 23. Nf4 h4 24. h3 Kd7 25. Nd3 Rhc8 26. Nc5+ Rxc5 27. dxc5 Kc6 28. c4 dxc4 29. Rd1 Rd8 30. Rd6+ Rxd6 31. cxd6 Qd8 32. Rd1 Qd7 33. Rd4 a5 34. Rxh4 a4 35. Rh8 b4 36.
Qa7 a3 37. Qa4+ Kc5 38. Qxd7 a2 39. Qa4 b3 40. d7 Bc6 41. Qa3+ Kd4 42. d8=Q+ Kc3 43.
Qc1+ Kb4 44. Qd6+ Kb5 45. Rb8+ Ka6 46. Qb2 Ka7 47. Qba3+ Ba4 48. Qxa4# 1-0

[Event "Late-Titled-Tuesday-Blitz-February-06-2024"]
[Site "Chess.com"]
[Date "2024.02.06"]
[Round "10"]
[White "pr1105"]
[Black "IraZyne"]
[Result "0-1"]
[WhiteElo "2411"]
[BlackElo "2339"]
[TimeControl "180+1"]
[EndTime "15:52:45 PST"]
[Termination "IraZyne won on time"]

1. e4 Nf6 2. e5 Nd5 3. d4 d6 4.
c4 Nb6 5. f4 dxe5 6. fxe5 c5 7.
d5 e6 8. Nc3 exd5 9. cxd5 c4 10.
Nf3 Bb4 11. Bxc4 O-O 12. Bb3 Bg4 13. O-O N8d7 14. Bf4 Nc5 15. Qd4 Bxc3 16. Qxc5 Rc8 17. Qf2 Bb4 18. Rad1 h6 19. Qg3 Bxf3 20. Rxf3 Kh8 21. e6 fxe6 22. dxe6 Qe7 23. Be5 Nc4 24. Rf7 Rxf7 25. Rd7 Qg5 0-1

[Event "Late-Titled-Tuesday-Blitz-February-06-2024"]
[Site "Chess.com"]
[Date "2024.02.06"]
[Round "10"]
[White "Walter_White_Poland"]
[Black "pinguino120"]
[Result "0-1"]
[WhiteElo "2380"]
[BlackElo "2287"]
[TimeControl "180+1"]
[EndTime "15:52:47 PST"]
[Termination "pinguino120 won by resignation"]

1. d4 Nf6 2. Bf4 d5 3. e3 c5 4. c3 Nc6 5. Nd2 Bf5 6. Ngf3 Qb6 7. Qb3 c4 8. Qxb6 axb6 9. a3 b5 10. Rc1 e6 11. h3 h6 12. g4 Bh7 13.
Bg2 Be7 14. Ne5 Nxe5 15. Bxe5 O-O 16. Bg3 Rfd8 17. f3 Bd6 18. Kf2 Bxg3+ 19. Kxg3 Re8 20. f4 Ne4+ 21. Nxe4 Bxe4 22. Bxe4 dxe4 23. Rcf1 g6 24. h4 f5 25. h5 Kf7 26. hxg6+ Kxg6 27. Rh5 Rh8 28. Rfh1 Rh7 29. g5 Rah8 30. Kh4 hxg5+ 0-1

[Event "Late-Titled-Tuesday-Blitz-February-06-2024"]
[Site "Chess.com"]
[Date "2024.02.06"]
[Round "10"]
[White "manitodeplomo"]
[Black "TanitoluwaAps116"]
[Result "1-0"]
[WhiteElo "2651"]
[BlackElo "2811"]
[TimeControl "180+1"]
[EndTime "15:52:55 PST"]
[Termination "manitodeplomo won by resignation"]

1. d4 Nf6 2. c4 e6 3. Nf3 b6 4. g3 Ba6 5. Qc2 Bb7 6. Bg2 c5 7. d5 exd5 8. cxd5 Nxd5 9. O-O Be7 10.
Ne5 O-O 11. Qb3 Qc7 12. Bxd5 Qxe5 13. Bxb7 Nc6 14. Bxa8 Rxa8 15. Nc3 Bf6 16. Qd5 Qe8 17. Ne4 Be5 18. Rd1 Bd4 19. e3 Nb4 20. Nd6 Qf8 21.
Qxf7+ Qxf7 22. Nxf7 Bf6 23. Nd6 Nc2 24. Rb1 Kf8 25. Ne4 Be5 26. Rxd7 Ke8 27. Rd2 Nb4 28. a3 Nc6 29. b4 c4 30. Rc2 b5 31. Bb2 Rd8 32. Rd2 Rxd2 33. Nxd2 c3 34. Bxc3 Bxc3 35. Rc1 Bxd2 36. Rxc6 Kd7 37. Ra6 Bxe3 38. fxe3 1-0

[Event "Late-Titled-Tuesday-Blitz-February-06-2024"]
[Site "Chess.com"]
[Date "2024.02.06"]
[Round "10"]
[White "DraningWaterHi"]
[Black "Korchmar_Vasiliy"]
[Result "0-1"]
[WhiteElo "2254"]
[BlackElo "2734"]
[TimeControl "180+1"]
[EndTime "15:53:01 PST"]
[Termination "Korchmar_Vasiliy won by resignation"]

1. d4 d5 2. c4 c6 3. Nf3 Nf6 4. g3 Bf5 5. Bg2 e6 6. O-O Nbd7 7. Qb3 Qc8 8. Nc3 Be7 9. Bf4 O-O 10. Rac1 dxc4 11.
Qxc4 Ne4 12. Ne5 Nxe5 13. Bxe5 Nd2 14. Qa4 Nxf1 15. Kxf1 Qd8 16. e4 Bg6 17. Kg1 Bf6 18.
Rd1 Bxe5 19. dxe5 Qc7 20. Rd6 Rfd8 21. Qd4 Qb6 22. Qxb6 axb6 23. f4 Rxd6 24. exd6 f6 25. e5 fxe5 26. fxe5 Ra5 27. b4 Ra3 28. d7 Ra8 29. b5 c5 30. Bxb7 Rd8 31. Bc6 Kf8 32.
Na4 c4 33. Kf2 Ke7 34. Ke3 Ra8 35. Nxb6 Ra3+ 36. Kd4 c3 37. Nc8+ Kd8 38. Nd6 Ke7 39. Nb7 Ra8 40. d8=Q+ Rxd8+ 41. Nxd8 c2 42. b6 c1=Q 43. b7 Qb2+ 44. Kc5 Kxd8 45. Kd6 Be8 46. a4 Qb6 0-1

[Event "Late-Titled-Tuesday-Blitz-February-06-2024"]
[Site "Chess.com"]
[Date "2024.02.06"]
[Round "10"]
[White "kingofthenil"]
[Black "JonasEilenberg"]
[Result "1-0"]
[WhiteElo "2676"]
[BlackElo "2514"]
[TimeControl "180+1"]
[EndTime "15:53:13 PST"]
[Termination "kingofthenil won by resignation"]

1. d4 d5 2. c4 e6 3. Nf3 c6 4. g3 dxc4 5. Bg2 b5 6. O-O Nf6 7. Ne5 Bb7 8. b3 cxb3 9. Qxb3 Qxd4 10.
Bb2 Qb4 11. Qc2 Qc5 12. Qb3 Qb4 13. Qc2 Qc5 14. Qd3 Nbd7 15. Nxd7 Nxd7 16. Nc3 Rd8 17. Rfd1 Qb6 18. Ne4 c5 19. a4 b4 20. a5 Qc7 21. a6 Bc6 22. Rac1 Be7 23. Bxg7 Rg8 24. Ba1 Nf6 25. Nxf6+ Bxf6 26. Bxc6+ Qxc6 27. Bxf6 Rxd3 28.
Rxd3 Qd7 29. Rxc5 Qxd3 30. exd3 Kd7 31. Rb5 Rb8 32. Rxb8 1-0

[Event "Late-Titled-Tuesday-Blitz-February-06-2024"]
[Site "Chess.com"]
[Date "2024.02.06"]
[Round "10"]
[White "FredddieCroderg"]
[Black "Horokoskii"]
[Result "1-0"]
[WhiteElo "2366"]
[BlackElo "2173"]
[TimeControl "180+1"]
[EndTime "15:53:24 PST"]
[Termination "FredddieCroderg won by resignation"]

1. e4 e6 2. d4 d5 3. exd5 exd5 4. Bd3 Bd6 5. Nf3 Ne7 6. O-O Bg4 7. Re1 Qd7 8. c3 Nc6 9. Nbd2 O-O-O 10. b4 f6 11. a4 g5 12. a5 h5 13. b5 Nb8 14.
Nb3 h4 15. Nc5 Bxc5 16. dxc5 Rdg8 17. b6 a6 18. bxc7 Kxc7 19. Rb1 Nbc6 20. Qb3 Kc8 21. Nd4 Nxd4 22. cxd4 Nc6 23. Bxa6 bxa6 24. Qb6 Re8 25. Qxa6+ Kd8 26. Be3 Qc8 27. Rb7 Re7 28. Qb6+ Ke8 29. a6 Rxb7 30. axb7 Qe6 31. Bd2 Qxe1+ 32. Bxe1 Kd7 33.
Ba5 Nxd4 34. Qc7+ Ke6 35. b8=Q 1-0

[Event "Late-Titled-Tuesday-Blitz-February-06-2024"]
[Site "Chess.com"]
[Date "2024.02.06"]
[Round "10"]
[White "katharinareinecke"]
[Black "Canal_Showdrez"]
[Result "0-1"]
[WhiteElo "1958"]
[BlackElo "2031"]
[TimeControl "180+1"]
[EndTime "15:53:26 PST"]
[Termination "Canal_Showdrez won by checkmate"]

1. e4 c5 2. Nf3 Nc6 3. Bb5 e6 4.
Bxc6 bxc6 5. O-O g6 6. c3 Bg7 7. d4 cxd4 8. cxd4 d5 9. e5 Ne7 10. Nc3 O-O 11. Na4 Rb8 12. Nc5 f6 13. Qc2 fxe5 14.
Nxe5 Bxe5 15. dxe5 Nf5 16. Qa4 Rb5 17. Qxa7 Qh4 18.
g3 Qd4 19. a4 Qxc5 20. axb5 Qxb5 21. Qa5 Qe2 22. Qd2 Qxe5 23. Ra7 Nd4 24. Kh1 Qe4+ 25.
f3 Nxf3 26. Rxf3 Qxf3+ 27. Kg1 Qf1# 0-1

[Event "Late-Titled-Tuesday-Blitz-February-06-2024"]
[Site "Chess.com"]
[Date "2024.02.06"]
[Round "10"]
[White "DavidGavrilescu18"]
[Black "mishanick"]
[Result "0-1"]
[WhiteElo "2778"]
[BlackElo "3037"]
[TimeControl "180+1"]
[EndTime "15:53:35 PST"]
[Termination "mishanick won by resignation"]

1. e4 c5 2. Nf3 d6 3. d4 cxd4 4. Qxd4 Nf6 5. Be2 g6 6. O-O Bg7 7. h3 O-O 8. Qe3 Be6 9. c4 Qb6 10. Qxb6 axb6 11. Nc3 Nfd7 12. Nd5 Bxd5 13. cxd5 Nc5 14.
Bg5 Bxb2 15. Rab1 Bf6 16. Bxf6 exf6 17. Rxb6 Rxa2 18. Bc4 Rc2 19. Bb5 Rb2 20. Nd4 Rd8 21. Rc1 Kf8 22. f3 Ke7 23. Rxc5 dxc5 24. Rxb7+ Kd6 25. Nc6 Nxc6 26. dxc6 Rxb5 27. c7 Rc8 28. Rxb5 Rxc7 29. Kf2 Kc6 30. Ra5 Kb6 31. Ra8 c4 32.
Ke2 Rd7 33. Rb8+ Kc5 34. f4 Kd4 35. Rc8 c3 36. g4 Rb7 37. e5 fxe5 38. fxe5 Re7 39.
Rd8+ Kxe5 40. Kd3 Kf4 41. Kxc3 Re3+ 42. Kd4 Rxh3 43. Rf8 Kxg4 44. Rxf7 h5 45. Ke4 g5 46.
Rf1 Rg3 47. Rb1 h4 48. Ke5 h3 49. Rb4+ Kh5 50. Rb8 Rf3 51. Ke4 g4 52. Rh8+ Kg5 53. Rh7 Rf2 54. Ke3 Ra2 55. Rh8 h2 56. Ke4 Re2+ 57.
Kd3 Rf2 58. Ke3 g3 59. Rh7 Kg4 60. Rh8 Rf1 61. Ke2 h1=Q 62. Rg8+ Kh3 63. Rh8+ Kg2 0-1

[Event "Late-Titled-Tuesday-Blitz-February-06-2024"]
[Site "Chess.com"]
[Date "2024.02.06"]
[Round "10"]
[White "dmitrijiIM"]
[Black "Szparu"]
[Result "1-0"]
[WhiteElo "2929"]
[BlackElo "2817"]
[TimeControl "180+1"]
[EndTime "15:53:36 PST"]
[Termination "dmitrijiIM won by resignation"]

1. d4 d5 2. c4 e6 3. cxd5 exd5 4. Nc3 c6 5. Bf4 Bf5 6. e3 Nf6 7.
f3 h5 8. Bd3 Bxd3 9. Qxd3 Nbd7 10. Nge2 g6 11. O-O Bg7 12. e4 O-O 13. e5 Ne8 14. Be3 Nc7 15. Rad1 Qe8 16. Kh1 f5 17. f4 Ne6 18. Ng1 a6 19. Nf3 Kh7 20. g3 Qe7 21.
Kg2 Rfd8 22. h3 Kg8 23. Rh1 Ndf8 24. Rdf1 Kf7 25. g4 hxg4 26. hxg4 fxg4 27. Nh4 Ke8 28. Nxg6 Nxg6 29. Qxg6+ Qf7 30. Qxg4 c5 31. Rh7 cxd4 32. f5 dxe3 33. fxe6 1-0

[Event "Late-Titled-Tuesday-Blitz-February-06-2024"]
[Site "Chess.com"]
[Date "2024.02.06"]
[Round "10"]
[White "jinxy2009"]
[Black "TheoSlade"]
[Result "1-0"]
[WhiteElo "2243"]
[BlackElo "2428"]
[TimeControl "180+1"]
[EndTime "15:53:38 PST"]
[Termination "jinxy2009 won by checkmate"]

1. e4 e5 2. Nf3 Nc6 3. Bc4 Bc5 4. O-O Nf6 5. d3 O-O 6. h3 d6 7. c3 Bb6 8. a4 a5 9. Nbd2 Ne7 10. Re1 Ng6 11. Nf1 d5 12. exd5 Nxd5 13. Ng3 Re8 14. d4 Qd6 15. Nxe5 Nxe5 16. dxe5 Qc5 17. Bxd5 Rd8 18. c4 Qxf2+ 19. Kh2 c6 20. Rf1 Qxf1 21. Nxf1 cxd5 22. cxd5 Be6 23. d6 f6 24. Be3 Bxe3 25. Nxe3 fxe5 26. Qh5 Rxd6 27. Qxe5 Rad8 28. Nf5 Bxf5 29.
Qxf5 Rf8 30. Qe5 Rd2 31. Rc1 Rff2 32. Rc8+ Kf7 33. Rc7+ Kf8 34. Qe7+ Kg8 35. Qxg7# 1-0

[Event "Late-Titled-Tuesday-Blitz-February-06-2024"]
[Site "Chess.com"]
[Date "2024.02.06"]
[Round "10"]
[White "Bala-Afiada"]
[Black "howitzer14"]
[Result "0-1"]
[WhiteElo "2031"]
[BlackElo "2948"]
[TimeControl "180+1"]
[EndTime "15:53:38 PST"]
[Termination "howitzer14 won by resignation"]

1. d4 f5 2. c4 Nf6 3. Nc3 g6 4. g3 Bg7 5. Bg2 O-O 6. Nf3 d6 7. O-O c6 8. b3 Qc7 9. Bb2 e5 10. dxe5 dxe5 11. e4 f4 12. gxf4 Nh5 13. fxe5 Nf4 14.
Ne2 Nxg2 15. Kxg2 Bg4 16. Neg1 Nd7 17. Qd3 Nc5 18. Qe3 Ne6 19. Ng5 Nf4+ 20. Kh1 Bxe5 21. Bxe5 Qxe5 22. f3 Bc8 23. Nxh7 Kxh7 24. Rad1 Be6 25.
Qf2 Kg7 26. Ne2 Rh8 27. Nxf4 Qxf4 28. Rg1 Rxh2+ 0-1

[Event "Late-Titled-Tuesday-Blitz-February-06-2024"]
[Site "Chess.com"]
[Date "2024.02.06"]
[Round "10"]
[White "ninguno46"]
[Black "protectiago"]
[Result "1-0"]
[WhiteElo "2535"]
[BlackElo "2125"]
[TimeControl "180+1"]
[EndTime "15:53:40 PST"]
[Termination "ninguno46 won by resignation"]

1. e4 e5 2. Nf3 Nc6 3. d4 exd4 4. Bc4 Bc5 5. c3 Nf6 6. e5 d5 7. Bb5 Ne4 8. cxd4 Bb4+ 9. Nc3 O-O 10. Bd2 Nxd2 11.
Qxd2 Bf5 12. O-O Be7 13. Bd3 Bg6 14. Bxg6 hxg6 15. Qf4 Qd7 16. h4 Nd8 17. Qg3 Ne6 18. Rad1 a5 19. Qh3 Qd8 20. h5 gxh5 21. Qxh5 Ra6 22. g3 Ng5 23. Nxg5 Bxg5 24. Kg2 Rh6 25. Qf3 Qd7 26. Rh1 c6 27. Rxh6 Bxh6 28. Qh5 f6 29. f4 fxe5 30. dxe5 Rf5 31. Qg4 Qf7 32. Ne2 c5 33. Qf3 d4 34. b3 g5 35. g4 Rxf4 36.
Nxf4 Qxf4 37. Qxf4 gxf4 38. Kf3 Kf7 39. Ke4 Ke6 40.
a4 Bg7 41. Rh1 Bxe5 42. Rh6+ Bf6 43. g5 1-0

[Event "Late-Titled-Tuesday-Blitz-February-06-2024"]
[Site "Chess.com"]
[Date "2024.02.06"]
[Round "10"]
[White "OneTrickPony_82"]
[Black "Adar_07"]
[Result "1/2-1/2"]
[WhiteElo "2558"]
[BlackElo "2718"]
[TimeControl "180+1"]
[EndTime "15:53:43 PST"]
[Termination "Game drawn by repetition"]

1. e4 c6 2. Nf3 d5 3. d3 Bg4 4. h3 Bh5 5. g4 Bg6 6. Nbd2 dxe4 7. dxe4 e6 8. h4 Nf6 9. Qe2 h5 10. Ne5 Bh7 11. g5 Nfd7 12. Nd3 Nc5 13. Nxc5 Bxc5 14.
Nb3 Nd7 15. Nxc5 Nxc5 16. f3 e5 17. Bh3 Qe7 18. Be3 Ne6 19. Bxe6 Qxe6 20. b3 a5 21. Bc5 a4 22. Rd1 Rd8 23. Kf2 f6 24. Rxd8+ Kxd8 25. Rd1+ Kc8 26. Qd2 Qh3 27. Qa5 Qxh4+ 28. Ke2 Bxe4 29. fxe4 Qxe4+ 30. Be3 Qg4+ 31. Ke1 Qh4+ 32.
Ke2 Qg4+ 33. Ke1 Qh4+ 34. Ke2 Qg4+ 1/2-1/2

[Event "Late-Titled-Tuesday-Blitz-February-06-2024"]
[Site "Chess.com"]
[Date "2024.02.06"]
[Round "10"]
[White "Arystanner"]
[Black "djano"]
[Result "1-0"]
[WhiteElo "2855"]
[BlackElo "2639"]
[TimeControl "180+1"]
[EndTime "15:53:44 PST"]
[Termination "Arystanner won by resignation"]

1. e4 c5 2. Nf3 Nc6 3. Bb5 e5 4. O-O Nge7 5. Bc4 h6 6. c3 g6 7. Qb3 Rh7 8. Qc2 d6 9. h3 Be6 10. Bxe6 fxe6 11. d4 cxd4 12. cxd4 exd4 13. Nbd2 e5 14.
Nc4 Qd7 15. Bd2 g5 16. b4 Rg7 17. b5 Nd8 18. Bb4 Nf7 19. Nh2 h5 20. a4 g4 21.
hxg4 hxg4 22. Rac1 Qe6 23. f4 g3 24. Nf3 Rh7 25. Ng5 Qh6 26. Nh3 Ng6 27. fxe5 Ngxe5 28. Nxe5 dxe5 29. Bxf8 Kxf8 30. Rf3 d3 31. Qc5+ Qd6 32. Qxd6+ 1-0

[Event "Late-Titled-Tuesday-Blitz-February-06-2024"]
[Site "Chess.com"]
[Date "2024.02.06"]
[Round "10"]
[White "nikitadovbnya2008"]
[Black "JaackCamel"]
[Result "1-0"]
[WhiteElo "2339"]
[BlackElo "2203"]
[TimeControl "180+1"]
[EndTime "15:53:44 PST"]
[Termination "nikitadovbnya2008 won by resignation"]

1. d4 d5 2. c4 e6 3. Nc3 c6 4. e3 Nf6 5. Nf3 Nbd7 6. Bd3 dxc4 7. Bxc4 b5 8. Bd3 a6 9. e4 c5 10. e5 cxd4 11. Nxb5 axb5 12. exf6 Nxf6 13. Bxb5+ Bd7 14.
Bxd7+ Qxd7 15. Qxd4 Qxd4 16. Nxd4 Bb4+ 17. Ke2 O-O 18. Be3 Nd5 19. a3 Be7 20. Rab1 Bf6 21. Rhc1 Rfc8 22. Rxc8+ Rxc8 23. Nb5 Rc2+ 24. Kd3 Rxb2 25.
Rxb2 Bxb2 26. a4 Kf8 27. a5 Ke8 28. Kc4 Kd7 29. a6 Kc6 30. Nd4+ Kb6 31. Nxe6+ Kxa6 32. Kxd5 fxe6+ 33. Kxe6 Kb5 34. Bf4 Kc6 35. Be5 Ba3 36.
Bxg7 Bc5 37. f4 Kc7 38. h4 Kd8 39. f5 Ke8 40. f6 1-0

[Event "Late-Titled-Tuesday-Blitz-February-06-2024"]
[Site "Chess.com"]
[Date "2024.02.06"]
[Round "10"]
[White "DonJuanEGenaro"]
[Black "Kostukov_Alex"]
[Result "1-0"]
[WhiteElo "2103"]
[BlackElo "2270"]
[TimeControl "180+1"]
[EndTime "15:53:44 PST"]
[Termination "DonJuanEGenaro won on time"]

1. d4 g6 2. Nf3 Bg7 3. Bf4 d6 4. e3 Nc6 5. Bc4 Nf6 6. c3 O-O 7. h3 e6 8. O-O a6 9. a4 b6 10.
Nbd2 Bb7 11. Re1 Re8 12. e4 e5 13. Bh2 exd4 14. cxd4 h6 15. e5 dxe5 16. dxe5 Nd5 17. Ne4 Ndb4 18. Qb3 Qe7 19. e6 f5 20. Nc3 Na5 21.
Nd5 Nxb3 22. Nxe7+ Rxe7 23. Bxb3 Bxf3 24. gxf3 Bxb2 25.
Rad1 Rae8 26. Rd7 Bf6 27. Bxc7 b5 28. Bd6 Rxd7 29. exd7+ 1-0

[Event "Late-Titled-Tuesday-Blitz-February-06-2024"]
[Site "Chess.com"]
[Date "2024.02.06"]
[Round "10"]
[White "DinaBelenkaya"]
[Black "Nouali_Mohamed"]
[Result "1-0"]
[WhiteElo "2453"]
[BlackElo "2565"]
[TimeControl "180+1"]
[EndTime "15:53:45 PST"]
[Termination "DinaBelenkaya won on time"]

1. Nf3 Nf6 2. g3 g6 3. d3 Bg7 4. Nbd2 O-O 5. e4 d6 6. Bg2 c5 7. O-O Nc6 8. c3 Bg4 9. h3 Bxf3 10. Nxf3 Nd7 11. Nh4 Qc7 12. Bg5 b5 13. Qd2 Rfe8 14.
Bh6 Bh8 15. f4 b4 16. f5 bxc3 17. bxc3 Qa5 18. Rac1 Be5 19. fxg6 hxg6 20. Qg5 Bf6 21. Qd5 Nde5 22. Nxg6 e6 23. Qb3 c4 24. Qd1 fxg6 25.
Rxf6 cxd3 26. Qd2 Rab8 27. Rcf1 Qc5+ 28. Kh2 Qc4 29. Qg5 Rb7 30. Rxg6+ Kh8 31. Bg7+ 1-0

[Event "Late-Titled-Tuesday-Blitz-February-06-2024"]
[Site "Chess.com"]
[Date "2024.02.06"]
[Round "10"]
[White "WilsonPalencia21"]
[Black "TheAlienParty"]
[Result "1-0"]
[WhiteElo "2599"]
[BlackElo "2402"]
[TimeControl "180+1"]
[EndTime "15:53:52 PST"]
[Termination "WilsonPalencia21 won by resignation"]

1. d4 Nf6 2. c4 e6 3. Nf3 d5 4. Nc3 Bb4 5. Bg5 h6 6. Bxf6 Qxf6 7. Qa4+ Nc6 8. e3 Bd7 9. Qc2 Bxc3+ 10. bxc3 O-O 11.
cxd5 exd5 12. Bb5 Bf5 13. Qb3 Rfd8 14. Bxc6 Qxc6 15. O-O b6 16. Ne5 Qe6 17. Rfe1 c5 18.
f4 c4 19. Qb2 Be4 20. h3 Kh7 21. Kh2 g5 22. fxg5 hxg5 23. Rf1 f6 24. Ng4 f5 25.
Ne5 Kg7 26. g4 Rf8 27. Rf2 fxg4 28. Nxg4 Qd6+ 29. Ne5 Rf6 30. Rg1 Raf8 31. Rxg5+ Kh6 32. Rxf6+ Rxf6 33. Rg1 Qf8 34. Ng4+ Kh7 35. Nxf6+ Qxf6 36. Qe2 Qd6+ 37. Rg3 b5 38. Qg4 Bg6 39. Qf4 Qxf4 40.
exf4 a5 41. a3 b4 42. cxb4 axb4 43. axb4 Bd3 44. b5 c3 45. Rxd3 c2 46. Rc3 1-0

[Event "Late-Titled-Tuesday-Blitz-February-06-2024"]
[Site "Chess.com"]
[Date "2024.02.06"]
[Round "10"]
[White "Genghis_K"]
[Black "Oleksandr_Bortnyk"]
[Result "0-1"]
[WhiteElo "2904"]
[BlackElo "3072"]
[TimeControl "180+1"]
[EndTime "15:53:58 PST"]
[Termination "Oleksandr_Bortnyk won on time"]

1. e4 Nf6 2. e5 Nd5 3. d4 d6 4. c4 Nb6 5. exd6 exd6 6. h3 Be7 7.
Nf3 O-O 8. Bd3 Nc6 9. Nc3 Bf6 10.
O-O Nb4 11. Bb1 Re8 12. Ne4 Bf5 13. Nxf6+ Qxf6 14. b3 Bxb1 15. Rxb1 a5 16. Qd2 Qf5 17. Ba3 Nd3 18. Nh4 Qe4 19. Rbd1 Nf4 20. g3 Nxh3+ 21. Kh2 Qe6 22. d5 Qd7 23. Bb2 f6 24. f4 Qg4 25.
Rde1 Nd7 26. Qg2 Rxe1 27. Rxe1 Nxf4 28. Qf1 Nh5 29. Nf5 Ne5 30. Bxe5 fxe5 31. Ne7+ Kh8 32.
Re3 Qg5 33. Nf5 g6 34. g4 gxf5 0-1

[Event "Late-Titled-Tuesday-Blitz-February-06-2024"]
[Site "Chess.com"]
[Date "2024.02.06"]
[Round "10"]
[White "morte-negra"]
[Black "rionelG"]
[Result "1-0"]
[WhiteElo "2023"]
[BlackElo "2210"]
[TimeControl "180+1"]
[EndTime "15:53:59 PST"]
[Termination "morte-negra won by checkmate"]

1. e4 c5 2. Nf3 d6 3. d4 cxd4 4. Nxd4 Nf6 5. Nc3 a6 6. Bg5 e6 7. f4 h6 8. Bh4 Qb6 9. a3 Be7 10. Bf2 Qc7 11. Qd2 Nbd7 12. O-O-O g5 13. f5 Ne5 14. fxe6 fxe6 15. Be2 b5 16. Rhf1 Nc4 17.
Bxc4 Qxc4 18. h4 g4 19. e5 dxe5 20. Nb3 Qc7 21. Qe3 Bb7 22. Bg3 Nd7 23. Rxd7 Qxd7 24. Bxe5 Rh7 25. Rd1 Qc6 26. Na5 Qxg2 27. Qd3 Rf7 28.
Qd7+ Kf8 29. Qxe6 Bf3 30. Qxh6+ Kg8 31. Qh8# 1-0

[Event "Late-Titled-Tuesday-Blitz-February-06-2024"]
[Site "Chess.com"]
[Date "2024.02.06"]
[Round "10"]
[White "crazy_but_lazy"]
[Black "Jarrahi2452"]
[Result "0-1"]
[WhiteElo "2612"]
[BlackElo "2811"]
[TimeControl "180+1"]
[EndTime "15:54:01 PST"]
[Termination "Jarrahi2452 won on time"]

1. d4 d5 2. c4 c6 3. cxd5 cxd5 4. Bf4 Nf6 5. e3 Nc6 6. Nc3 Bf5 7. Be2 Rc8 8. Nf3 e6 9. O-O Bd6 10. Bxd6 Qxd6 11. Rc1 a6 12. Na4 O-O 13. a3 Ne4 14.
Nc5 Nxc5 15. Rxc5 Ne7 16. b4 b6 17. Rxc8 Rxc8 18. Bxa6 Ra8 19. Qe2 Bg4 20. Rc1 Bxf3 21.
gxf3 Nf5 22. Bd3 Nh4 23. Rc3 e5 24. Qc2 Rd8 25. Rc8 Nxf3+ 26. Kf1 e4 27. Be2 g6 28. Bxf3 exf3 29. Rxd8+ Qxd8 30. Qc6 Qg5 31. Qc8+ Kg7 32. Qh3 Qf6 33. Qg4 h5 0-1

[Event "Late-Titled-Tuesday-Blitz-February-06-2024"]
[Site "Chess.com"]
[Date "2024.02.06"]
[Round "10"]
[White "AryanTari"]
[Black "LiemLe"]
[Result "1-0"]
[WhiteElo "2925"]
[BlackElo "3017"]
[TimeControl "180+1"]
[EndTime "15:54:03 PST"]
[Termination "AryanTari won on time"]

1. e4 e5 2. Nf3 Nc6 3. d4 exd4 4.
Nxd4 Nf6 5. Nxc6 bxc6 6. Nd2 Bc5 7. Nb3 Bb6 8. e5 Qe7 9. Qe2 Nd5 10. h4 O-O 11.
Bg5 f6 12. exf6 Qxe2+ 13. Bxe2 Nxf6 14. O-O Ne4 15. Be3 Bxe3 16. fxe3 Nf6 17. Nd4 Re8 18. Rae1 Rb8 19. b3 c5 20. Nf5 g6 21. Nh6+ Kg7 22. g4 Kxh6 23. Rxf6 Kg7 24. Ref1 d5 25. Rf7+ Kg8 26.
Rxc7 Rxe3 27. Bf3 Be6 28. Rxc5 Rd8 29. Rc7 1-0

[Event "Late-Titled-Tuesday-Blitz-February-06-2024"]
[Site "Chess.com"]
[Date "2024.02.06"]
[Round "10"]
[White "bilelou"]
[Black "betta2004"]
[Result "1-0"]
[WhiteElo "2749"]
[BlackElo "2570"]
[TimeControl "180+1"]
[EndTime "15:54:07 PST"]
[Termination "bilelou won by resignation"]

1. e4 e5 2. Nf3 Nf6 3. Nxe5 Nxe4 4. Nf3 d5 5. d4 Bd6 6. Bd3 O-O 7. O-O f5 8. Ne5 Nc6 9. Nxc6 bxc6 10. Nd2 Qh4 11. Nf3 Qf6 12. Re1 Bd7 13. c3 Rae8 14. Bd2 h6 15.
Ne5 Bxe5 16. dxe5 Rxe5 17. Bf4 Re7 18. Bxc7 Rfe8 19. Qc2 g6 20. Bf4 Nc5 21. Rxe7 Qxe7 22. Bf1 g5 23. Be3 Ne4 24. Bxa7 f4 25. b4 Bf5 26. Bd4 Qf7 27. Bd3 Nd6 28. a4 f3 29.
a5 fxg2 30. a6 Bxd3 31. Qxd3 Nf5 32. a7 Ra8 33. Qa6 Qc7 34. b5 Nh4 35. Qxc6 Nf3+ 36.
Kxg2 Nh4+ 37. Kf1 Qxh2 38. Qxa8+ Kh7 39. Qh8+ Kg6 40. Qe8+ Kf5 41. Qf7+ Kg4 42. a8=Q Qh1+ 43. Ke2 Qe4+ 44. Kd2 Nf3+ 45. Qxf3+ Kxf3 46. Qf8+ Kg2 47. f3 Qh4 48. Rg1+ Kh2 49. Qd6+ Kh3 50. Qg3+ 1-0